 Dungeon Crawl Stone Soup version 0.27-a0-1456-gf5a116941d (webtiles) character file.

Game seed: 10566406996172698437

70 spiderkeys the Skirmisher (level 4, 0/46 HPs)
             Began as an Octopode Abyssal Knight on July 6, 2021.
             Was a Follower of Lugonu.
             Slain by Purgy (3 damage)
             ... in a sewer.
             The game lasted 00:03:34 (1771 turns).

spiderkeys the Skirmisher (Octopode Abyssal Knight) Turns: 1771, Time: 00:03:34

Health: 0/46       AC:  1    Str: 11    XL:     4   Next: 22%
Magic:  6/6        EV: 13    Int: 14    God:    Lugonu [*.....]
Gold:   51         SH:  5    Dex: 12    Spells: 3/3 levels left

rFire    . . .     SeeInvis .   a - +1 short sword
rCold    . . .     Faith    .   (no shield)
rNeg     . . .     Spirit   .   (helmet restricted)
rPois    .         Reflect  +   b - amulet of reflection
rElec    .         Harm     .   (no ring)
rCorr    .         Rampage  .   (no ring)
Will     .....                  (no ring)
Stlth    ..........             (no ring)
HPRegen  0.15/turn              (no ring)
MPRegen  0.10/turn              (no ring)
                                (no ring)
                                (no ring)

@: berserking (expiring), weak-willed, very quick
A: almost no armour, amphibious, 8 rings, camouflage 1, gelatinous body 1,
(nimble swimmer 1), tentacles
a: Renounce Religion, Depart the Abyss


You were in a sewer.
You worshipped Lugonu.
Lugonu was aware of your devotion.
You visited 1 branch of the dungeon, and saw 3 of its levels.
You visited the Abyss 1 time.
You also visited: Sewer.

You collected 51 gold pieces.


Innate Abilities, Weirdness & Mutations

You cannot wear most types of armour.
You are amphibious.
You can wear up to eight rings at the same time.
Your skin changes colour to match your surroundings (Stealth+).
Your rubbery body absorbs attacks. (AC +1, EV +1)
((You are camouflaged near water. (Stealth+)))
You have tentacles for arms and can constrict up to eight enemies at once.


   Skills:
 + Level 3.4 Fighting
 + Level 2.6 Short Blades
 + Level 3.0 Dodging
 + Level 1.7 Stealth
 + Level 2.7 Invocations


You had 3 spell levels left.
You didn't know any spells.
Your spell library contained the following spells:

 Spells                   Type           Power      Damage    Failure   Level
 Corona                   Hex            0%         N/A       28%         1
 Ensorcelled Hibernation  Hex/Ice        0%         N/A       41%         2
 Passwall                 Tmut/Erth      0%         N/A       41%         2
 Swiftness                Air            0%         N/A       65%         3
 Tukima's Dance           Hex            0%         N/A       65%         3
 Invisibility             Hex            0%         N/A       100%        6

Inventory:

Hand Weapons
 a - a +1 short sword (weapon)
Missiles
 c - 44 arrows
 d - 20 sling bullets
 f - 86 stones
Jewellery
 b - an amulet of reflection (around mantle)
   (You found it on level 1 of the Dungeon)
Potions
 e - a potion of attraction {unknown}
 h - a potion of berserk rage {!q}

Dungeon Overview and Level Annotations

Branches:
Dungeon (3/15)              Sewer (1/1)

Altars:

Shops:
D:3 :

Annotations:
D:2 Robin Sewer Purgy

. ...
################.....
#..∩............(....
###########.####.....
#.# ... #T# . #@# #.#
#.# ##.## ##...##
##.....## #...≈...#
#..≈≈≈..# #.≈≈≈≈≈.#


You could see Purgy (weak-willed).


Message History

You hit the bat.
You kill the bat!
Lugonu accepts your kill. The bat hits you. 😕 HP[-1]
You take 1 damage, and now have 26/31 hp.
You hit the bat but do no damage. You grab the bat. You constrict the bat.
You kill the bat!
Lugonu accepts your kill.
No target in view!
No target in view!
No target in view!
You see here a bat corpse.
Key pressed, stopping explore.
Purgy the Meek comes into view. 😎 HP[+5]
Your hp is fully restored (31).
Okay, then.
Found a gate leading back out of this place.
There is a gate leading back out of this place here.
h - 2 brown potions (gained 1)
There is a gate leading back out of this place here.
Okay, then.
Unknown command.
Unknown command.
Purgy shouts!
As you read the scroll labelled ISHAUKHLUSCHU, it crumbles to dust.
Magic quickly surges around you.
It was a scroll of vulnerability.
Purgy looks around nervously.
You don't have any such object.
Fire/throw which item? (* to show all) (? for menu, Esc to quit)
You don't have any such object.
Fire/throw which item? (* to show all) (? for menu, Esc to quit)
You don't have any such object.
Fire/throw which item? (* to show all) (? for menu, Esc to quit)
Okay, then.
Unknown command.
Throw: 88 stones
Press: ? - help, Shift-Dir - straight line, f - Purgy
Aim: Purgy (weak-willed, 50% to hit)
You throw a stone. The stone closely misses Purgy.
Throw: 87 stones
Press: ? - help, Shift-Dir - straight line, f/p - Purgy
Aim: Purgy (weak-willed, 50% to hit)
You throw a stone.
The stone hits Purgy but does no damage.
Okay, then.
You hit Purgy. Purgy closely misses you. Purgy claws you. x2 😕 HP[-4]
You take 4 damage, and now have 27/31 hp.
You hit Purgy. Purgy barely misses you. Purgy claws you but does no damage.
Purgy barely misses you.
You closely miss Purgy. Purgy bites you. You block Purgy's attack.
Purgy claws you. 😮 HP[-9]
You take 9 damage, and now have 18/31 hp.
MASSIVE DAMAGE!! (PAUSE) 😮 HP[+1] It was a potion of berserk rage.
A red film seems to cover your vision as you go berserk!
You feel yourself moving faster!
You feel mighty! Purgy bites you. Purgy claws you.
* * * LOW HITPOINT WARNING * * *
You block Purgy's attack. 😨 HP[+4]
You now have 46 max hp (+15).
You regained 4 hp, and now have 23/46 hp.
You puncture Purgy! You hit Purgy. Purgy closely misses you. Purgy claws you.
* * * LOW HITPOINT WARNING * * *
Purgy claws you.
* * * LOW HITPOINT WARNING * * *
😨 HP[-6]
You take 6 damage, and now have 17/46 hp.
You miss Purgy. Purgy misses you. Purgy claws you.
* * * LOW HITPOINT WARNING * * *
Purgy misses you. 😨 HP[-3]
You take 3 damage, and now have 14/46 hp.
You hit Purgy. You puncture Purgy! Purgy bites you!
* * * LOW HITPOINT WARNING * * *
Purgy claws you.
* * * LOW HITPOINT WARNING * * *
Purgy misses you. 😱 HP[-9]
You take 9 damage, and now have 5/46 hp.
You hit Purgy. You block Purgy's attack. Purgy closely misses you.
Purgy claws you.
* * * LOW HITPOINT WARNING * * *
You miss Purgy. You puncture Purgy! You block Purgy's attack. Purgy claws you.
* * * LOW HITPOINT WARNING * * *
Purgy claws you but does no damage. 😱 HP[-2]
You take 2 damage, and now have 3/46 hp.
You closely miss Purgy. Your squeeze misses Purgy. You closely miss Purgy.
You block Purgy's attack. Purgy misses you. Purgy claws you.
You die...

Skill      XL: |  1  2  3  4 |
---------------+-------------+-----
Stealth        | 1 |  1.7
Dodging        | 3 |  3.0
Fighting       | |  3.4
Short Blades   | |  2.6
Invocations    | |  2.7

Action                   |  1- 3 |  4- 6 || total
-------------------------+-------+-------++-------
Melee: Short sword       |    60 |    32 ||    92
       Tentacles         |    10 |     2 ||    12
       Constrict         |    17 |     7 ||    24
Throw: Stone             |     1 |     2 ||     3
Invok: Depart the Abyss  |     1 |       ||     1
  Use: Scroll            |     4 |     1 ||     5
       Potion            |       |     1 ||     1
 Stab: Sleeping          |     8 |       ||     8
Armor: Skin              |     6 |     8 ||    14
Dodge: Dodged            |    18 |    22 ||    40
Block: Other             |     4 |     7 ||    11

Levels and vault maps discovered:
D:1:      zelgadis_glass_arrival_small, layout_loops_ring
D:2:      layout_loops_cross, shapermc_ecumenical_altar_gd,
          kennysheep_nondescript, uniq_sigmund, uniq_robin
D:3:      layout_loops_ring, general_overflow_altar, serial_shops,
          nicolae_shop_behind_doors, gup_sewer_entry_glass, minmay_distorted
Sewer:    sewer_big_baddie

Notes
Turn   | Place    | Note
-------+----------+-------------------------------------------
     0 | Abyss:1  | spiderkeys the Octopode Abyssal Knight began the quest for
                  | the Orb.
     0 | Abyss:1  | Reached XP level 1. HP: 16/16 MP: 2/2
     0 | Abyss:1  | magus.rc [v1.9.10]
     5 | D:1      | You pass through the gate.
     5 | D:1      | Escaped the Abyss
   177 | D:1      | You pick up a book of Burglary and begin reading...
   177 | D:1      | You add the spells Passwall, Swiftness and Invisibility to
                  | your library.
   231 | D:1      | Reached * piety under Lugonu
   232 | D:1      | Reached XP level 2. HP: 17/21 MP: 3/3
   781 | D:1      | Reached XP level 3. HP: 18/26 MP: 4/4
  1122 | D:2      | Found a faded altar of an unknown god.
  1152 | D:2      | Reached skill level 1 in Stealth
  1234 | D:2      | Noticed Robin
  1446 | D:3      | Found Luahism's Book Emporium.
  1463 | D:3      | You pick up a book of Maledictions and begin reading...
  1463 | D:3      | You add the spells Corona, Ensorcelled Hibernation and
                  | Tukima's Dance to your library.
  1493 | D:3      | Found a glowing drain.
  1512 | D:3      | Reached XP level 4. HP: 18/31 MP: 4/6
  1517 | D:3      | Reached skill level 3 in Dodging
  1651 | Sewer    | Entered a sewer
  1725 | Sewer    | Noticed Purgy
  1766 | Sewer    | HP: 7/46 [Purgy (7)]
  1769 | Sewer    | HP: 3/46 [Purgy (2)]
  1771 | Sewer    | Slain by Purgy

Vanquished Creatures
  3 adders
  2 dart slugs (D:1)
  7 bats
  An endoplasm (D:1)
  4 giant cockroaches
  3 goblins
  2 hobgoblins (D:1)
  4 jackals (D:1)
  A quokka (D:2)
  3 ball pythons
  2 frilled lizards (D:1)
  4 kobolds
  3 rats
39 creatures vanquished.

Vanquished Creatures (others)
  A demonic plant (D:2)
1 creature vanquished.

Grand Total: 40 creatures vanquished

Table legend:
 A = Non-vault XP
 B = Vault XP
 C = Vault XP percentage of total XP
 D = Non-vault monster count
 E = Vault monster count
 F = Vault count percentage of total count
                 A         B        C        D         E       F
            +---------+---------+-------+---------+---------+-------
      Total |      60 |      41 |  40.6 |      28 |      11 |  28.2
            +---------+---------+-------+---------+---------+-------
        D:1 |      36 |       0 |   0.0 |      20 |       0 |   0.0
        D:2 |      19 |       4 |  17.4 |       5 |       2 |  28.6
        D:3 |       5 |      30 |  85.7 |       3 |       4 |  57.1
      Sewer |       0 |       7 | 100.0 |       0 |       5 | 100.0
            +---------+---------+-------+---------+---------+-------

Illustrated notes

Table legend:
 A = Kills in this place as a percentage of kills in entire the game.
 B = Kills by you in this place as a percentage of kills by you in the entire game.
 C = Kills by friends in this place as a percentage of kills by friends in the entire game.
 D = Other kills in this place as a percentage of other kills in the entire game.
 E = Experience gained in this place as a percentage of experience gained in the entire game.
 F = Experience gained in this place divided by the number of levels of this place that you have seen.
                   A       B       C       D       E      F
               +-------+-------+-------+-------+-------+----------------------
         Total | 100.0 | 100.0 |   N/A |   N/A | 100.0 |  20.2
       Dungeon |  87.2 |  87.2 |   N/A |   N/A |  93.1 |  31.3
         Sewer |  12.8 |  12.8 |   N/A |   N/A |   6.9 |   7.0
               +-------+-------+-------+-------+-------+----------------------

Table legend: (Time is in decaauts)
 A = Elapsed time spent in this place.
 B = Non-inter-level travel time spent in this place.
 C = Inter-level travel time spent in this place.
 D = Time resting spent in this place.
 E = Time spent auto-exploring this place.
 F = Levels seen in this place.
 G = Mean time per level.
                   A        B        C        D        E       F      G
               +--------+--------+--------+--------+--------+-----+--------+
         Total |   1766 |   1656 |    110 |    124 |   1182 |   5 |  353.2 |
       Dungeon |   1644 |   1534 |    110 |    124 |   1123 |   3 |  548.0 |
         Abyss |      5 |      5 |      0 |      0 |      0 |   1 |    5.0 |
         Sewer |    116 |    116 |      0 |      0 |     59 |   1 |  116.0 |
               +--------+--------+--------+--------+--------+-----+--------+

Top non-repeatable levels by time:
     D:1: 1113 daAuts
     D:2: 307 daAuts
     D:3: 223 daAuts
   Sewer: 116 daAuts
 Abyss:1: 5 daAuts
